 Dungeon Crawl Stone Soup version 0.28-a0-1594-ga885d4b3d6 (webtiles) character file.

Game seed: 13694724464688822278

12 kae the Ruffian (level 2, -2/23 HPs)
             Began as a Draconian Transmuter on Jan 20, 2022.
             Frozen to death by an endoplasm (5 damage)
             ... on level 2 of the Dungeon.
             The game lasted 00:00:15 (817 turns).

kae the Ruffian (Draconian Transmuter)               Turns: 817, Time: 00:00:16

Health: -2/23      AC:  4    Str: 12    XL:     2   Next: 20%
Magic:  5/5        EV: 12    Int: 13    God:
Gold:   78         SH:  0    Dex: 11    Spells: 4/5 levels left

rFire   . . .      SeeInvis .     - Unarmed
rCold   . . .      Faith    .   (no shield)
rNeg    . . .      Spirit   .   (armour unavailable)
rPois   .          Reflect  .   (helmet currently unavailable)
rElec   .          Harm     .   (no cloak)
rCorr   .          Rampage  .   (no gloves)
Will    .....                   (boots currently unavailable)
Stlth   +.........              (no amulet)
HPRegen 0.07/turn               (no ring)
MPRegen 0.09/turn               (no ring)

@: appendages (expiring), slowed, very slow
A: horns 2, talons 2, AC +4, unfitting armour, cold-blooded
a: End Transformation


You were on level 2 of the Dungeon.
You had temporarily grown beastly horns and talons.
You visited 1 branch of the dungeon, and saw 2 of its levels.

You collected 78 gold pieces.

Inventory:

Potions
 a - a potion of heal wounds {unknown}


   Skills:
 + Level 1.4 Fighting
 + Level 1.8 Dodging
 * Level 3.2 Unarmed Combat
 + Level 2.1 Spellcasting
 * Level 2.2 Transmutations


You had 4 spell levels left.
You knew the following spells:

 Your Spells              Type           Power      Damage    Failure   Level
a - Beastly Appendage     Tmut           14%        N/A       10%         1

Your spell library contained the following spells:

 Spells                   Type           Power      Damage    Failure   Level
 Wereblood                Tmut           7%         N/A       16%         2
 Blink                    Tloc           2%         N/A       36%         2
 Spider Form              Tmut/Pois      4%         N/A       43%         3
 Lesser Beckoning         Tloc           1%         N/A       58%         3
 Ice Form                 Ice/Tmut       4%         N/A       85%         4
 Manifold Assault         Tloc           1%         N/A       100%        5


Dungeon Overview and Level Annotations

Branches:
Dungeon (2/15)

Altars:


Innate Abilities, Weirdness & Mutations

You have temporarily grown beastly horns and talons.
Your plain brown scales are hard. (AC +4)
You cannot fit into any form of body armour.
You are cold-blooded and may be slowed by cold attacks.


Message History

There are monsters nearby!
There are monsters nearby!
Casting: Beastly Appendage (safe; 11% risk of failure)
Confirm with . or Enter, or press ? or * to list all spells.
You grow a pair of large bovine horns.
Your feet morph into talons.
The kobold shouts!
You hear a shout!
Your transformation is almost over.
The hobgoblin hits you.
You hit the hobgoblin. You claw the hobgoblin.
You kill the hobgoblin!
The endoplasm freezes you.
You are frozen.
You feel yourself slow down.
You hit the endoplasm.
The endoplasm is heavily wounded.
The endoplasm closely misses you. The endoplasm barely misses you.
You hit the endoplasm but do no damage.
The endoplasm is moderately wounded.
The kobold misses you. The endoplasm freezes you.
You are frozen.
You feel as though you will be slow longer.
The kobold hits you with a +2 dagger of flaming.
The kobold burns you.
You are too injured to fight recklessly!
You are too injured to fight recklessly!
There are monsters nearby!
You are too injured to fight recklessly!
You are too injured to fight recklessly!
There are monsters nearby!
You are too injured to fight recklessly!
You are too injured to fight recklessly!
The endoplasm freezes you.
You are frozen.
* * * LOW HITPOINT WARNING * * *
The endoplasm closely misses you.
You see here a hobgoblin corpse.
The kobold closely misses you. The endoplasm freezes you.
You are frozen.
You die...

#######.#
......#.# #.#
.# #####.#.#
#.##.# #
#.#.##### #.#..
#####.#.#...#
#.#.#
........'...+
....
#####.#.#...#
#.. #
##.#.#...# #.#
# #....#...#
#@# #
######...####J#
# #......†K# #
#........##.##
#
#.............
#
###......##..#
# ..........#
.# ..........#
# #........###


You could see an endoplasm and a kobold.

Vanquished Creatures
  A dart slug (D:1)
  2 endoplasms (D:1)
  A goblin (D:2)
  2 hobgoblins
  A ball python (D:1)
  A bat (D:1)
  A frilled lizard (D:1)
  A kobold (D:1)
10 creatures vanquished.

Notes
Turn   | Place    | Note
-------+----------+-------------------------------------------
     0 | D:1      | kae the Draconian Transmuter began the quest for the Orb.
     0 | D:1      | Reached XP level 1. HP: 16/16 MP: 3/3
   475 | D:1      | Reached XP level 2. HP: 23/23 MP: 3/5
   697 | D:1      | Found a faded altar of an unknown god.
   817 | D:2      | Frozen to death by an endoplasm

Illustrated notes

Levels and vault maps discovered:
D:1:      eino_arrival_tree_alley, layout_rooms, chequers_ecumenical_altar_lobes
D:2:      layout_basic

Action                   || total
-------------------------++-------
Melee: Unarmed           ||    22
       Kick              ||     8
       Tailslap          ||     1
 Cast: Beastly Appendage ||    12
  Use: Scroll            ||     1
Armor: Skin              ||     9
Dodge: Dodged            ||    13

Table legend: (Time is in decaauts)
 A = Elapsed time spent in this place.
 B = Non-inter-level travel time spent in this place.
 C = Inter-level travel time spent in this place.
 D = Time resting spent in this place.
 E = Time spent auto-exploring this place.
 F = Levels seen in this place.
 G = Mean time per level.
                   A        B        C        D        E       F      G
               +--------+--------+--------+--------+--------+-----+--------+
         Total |    817 |    793 |     24 |      0 |    697 |   2 |  408.5 |
       Dungeon |    817 |    793 |     24 |      0 |    697 |   2 |  408.5 |
               +--------+--------+--------+--------+--------+-----+--------+

Top non-repeatable levels by time:
     D:1: 748 daAuts
     D:2: 68 daAuts
